[Event "Czech Youth Championship Open 2023"]
[Site "Teplice"]
[Date "2023.03.13"]
[Round "3.3"]
[White "Zednicek, Filip"]
[Black "Juracak, David"]
[Result "0-1"]
[ECO "C29"]
[WhiteElo "1885"]
[BlackElo "1820"]
[Annotator "NA RC COMBH"]
[PlyCount "108"]
[EventDate "2023.03.09"]
[EventType "swiss"]
[EventCountry "CZE"]
[SourceTitle "playchess.com"]
[Source "ChessBase"]
[SourceQuality "1"]
[TimeControl "5400+30"]

1. e4 e5 2. Nc3 Nf6 3. f4 d5 4. fxe5 Nxe4 5. Nf3 Be7 6. d4 O-O 7. Bd3 Nxc3 8. bxc3 c5 9. O-O c4 10. Be2 b5 11. Qe1 Nc6 12. Qg3 Bf5 13. Rf2 b4 14. Ne1 Bh4 15. Qf3 Bxf2+ 16. Qxf2 Bg6 17. cxb4 Nxb4 18. Ba3 Qa5 19. Qe3 Rfb8 20. Bf3 Rd8 21. Qc3 Nc6 22. Qxa5 Nxa5 23. Bd6 Nc6 24. Bxd5 Nxd4 25. Bxa8 Rxa8 26. Rb1 Nxc2 27. Nxc2 Bxc2 28. Rb8+ Rxb8 29. Bxb8 a6 30. Kf2 Bb3 31. a3 c3 32. Ke3 Bc4 33. Bd6 c2 34. Kd2 Bd3 35. Bb4 Be4 36. a4 g5 37. a5 Kg7 38. Be7 Kg6 39. h4 gxh4 40. Bxh4 Kf5 41. Bg3 Ke6 42. Bf4 Kd5 43. Kc1 Kd4 44. Kd2 h5 45. Bg3 Kc4 46. Bf2 Kb3 47. Kc1 Bxg2 48. Bg3 Be4 49. Be1 Kc4 50. Bh4 Kd4 51. Bf6 Ke3 52. Bg5+ Kf3 53. Kd2 Kg4 54. Be3 h4 0-1

[Event "Czech Youth Championship Open 2023"]
[Site "Teplice"]
[Date "2023.03.13"]
[Round "3.4"]
[White "Matejovsky, Ondrej"]
[Black "Hlavac, Rudolf"]
[Result "1/2-1/2"]
[ECO "B30"]
[WhiteElo "1931"]
[BlackElo "1985"]
[Annotator "TA"]
[PlyCount "78"]
[EventDate "2023.03.09"]
[EventType "swiss"]
[EventCountry "CZE"]
[SourceTitle "playchess.com"]
[Source "ChessBase"]
[SourceQuality "1"]
[TimeControl "5400+30"]

1. e4 c5 2. Nf3 Nc6 3. Bb5 Na5 4. O-O a6 5. Be2 e6 6. d4 {[%emt 0:04:24] B30: Sicilian: 2...Nc6 3 Bb5, lines without ...g6.} cxd4 7. Nxd4 Qc7 8. b3 {[%emt 0:08:38] White is slightly better.} b5 9. Bb2 Nf6 {[%emt 0:01:42] [#]} 10. Bd3 $146 ({Predecessor:} 10. Bf3 Bb7 11. Re1 Be7 12. e5 Nd5 13. Nf5 exf5 14. Bxd5 Bxd5 15. Qxd5 O-O 16. Qd3 {1-0 Gonzales,S (2305)-Acosta,A (2325) COL-ch Columbia 1988 (13)}) 10... Bb7 11. Qe2 Nc6 12. Nxc6 Qxc6 13. f3 (13. Nd2 $14) 13... Be7 14. Nd2 O-O 15. a4 b4 16. Kh1 d6 17. Nc4 Qc5 {[%emt 0:01:11] Inhibits Na5.} 18. Qe3 (18. f4 $14 {might be stronger.}) 18... Qxe3 $11 19. Nxe3 Nd7 20. Rad1 Rfd8 21. Nc4 a5 22. Bd4 d5 23. exd5 Bxd5 24. Ne3 Bc5 25. Nxd5 exd5 {[%emt 0:02:42] Black is weak on the light squares} 26. Bb5 Bxd4 {[%emt 0:00:35] The position is equal.} 27. Rxd4 Nf6 28. Re1 Rac8 29. Re2 g6 30. Kg1 Rc5 31. Kf2 Rdc8 32. Rdd2 Kf8 33. Ke1 Nh5 34. g3 Nf6 35. Kd1 h6 36. Rd4 Rc3 37. Rd3 R3c5 38. Rd4 Rc3 39. Rd3 R3c5 {[%emt 0:00:04] Weighted Error Value: White=0.08 (flawless) /Black=0.07 (flawless)} 1/2-1/2

[Event "Czech Youth Championship Open 2023"]
[Site "Teplice"]
[Date "2023.03.13"]
[Round "3.5"]
[White "Pycha, Patrik"]
[Black "Pavlis, Matej"]
[Result "1-0"]
[ECO "B90"]
[WhiteElo "2029"]
[BlackElo "1868"]
[Annotator "TA"]
[PlyCount "145"]
[EventDate "2023.03.09"]
[EventType "swiss"]
[EventCountry "CZE"]
[SourceTitle "playchess.com"]
[Source "ChessBase"]
[SourceQuality "1"]
[TimeControl "5400+30"]

1. e4 c5 2. Nf3 d6 3. d4 cxd4 4. Nxd4 Nf6 5. Nc3 a6 6. h4 {[%emt 0:02:39] B90: Sicilian Najdorf: Unusual White 6th moves, 6 Be3 Ng4 and 6 Be3 e5.} e5 7. Nb3 Be6 8. f4 {[%emt 0:00:12][%cal Bf2f4,Bf4f5][%mdl 32] The position is equal.} Nbd7 (8... exf4 $11 {should be considered.} 9. Bxf4 Nc6) 9. f5 $14 Bxb3 10. axb3 Nc5 {[%emt 0:00:23] [#]} (10... h5 $14) 11. Bg5 (11. g4 $1 $18) 11... Be7 $16 12. Bxf6 Bxf6 {[%emt 0:00:06] [#]} 13. Qg4 $146 ({Predecessor:} 13. g3 Be7 14. Bc4 O-O 15. Qh5 Nd7 16. O-O-O Qa5 17. Nd5 Rae8 18. Kb1 b5 19. Bd3 {1-0 Karut,K (1835)-Skytte,R (1429) Krakow op-B 2022 (5)}) 13... h5 14. Qh3 Rc8 15. Bc4 b5 16. Bd5 b4 17. Nd1 Be7 18. Ne3 Rc7 19. Nc4 Ra7 {[%emt 0:04:07] Black is weak on the light squares} 20. Qg3 a5 (20... Kf8 $16 {keeps fighting.} 21. Na5 Qb6) 21. Qf2 (21. Qxg7 $18 Bf6 22. Qg3 (22. Bc6+ Ke7 $18)) 21... Qc7 {[%emt 0:01:46] Repels Bc6+} 22. Qd2 (22. O-O $16) 22... Nd7 $1 $14 23. g3 Nf6 24. Ne3 Qc5 25. Ke2 O-O 26. Rhd1 Rc8 27. Kf3 Bd8 $1 28. Nc4 Kf8 29. Qe3 {[%emt 0:02:52] Active counter play!} Ke7 (29... Qc7 $11) 30. Qg5 ({White should try} 30. Bxf7 $1 $16 {Black should prevent Be6.} Qxe3+ 31. Kxe3) 30... Kf8 $11 {[%emt 0:05:03] Hoping for ...Nxd5.} 31. Qe3 Ke7 {[%emt 0:00:19] [#]} 32. Bxf7 $1 {[%emt 0:05:26][%mdl 576] Decoy} Ra6 (32... Qxe3+ 33. Kxe3) 33. Bd5 $36 {[%emt 0:11:20][%mdl 2048] Black must now prevent Qg5. White is in control. Chess con chili.} Qxe3+ 34. Kxe3 Rc5 35. Bb7 (35. Kf3 $16) 35... Ng4+ (35... Ra7 $11 {keeps the balance.}) 36. Kf3 $16 Ra7 {[%emt 0:00:11] [#]} 37. Bd5 (37. Nxd6 Rxc2 38. Nc8+ Kf7 39. Bd5+ (39. Nxa7 $2 Rf2#) 39... Kf8 $19) 37... Bc7 38. Rd2 Nf6 39. Ne3 Bb6 40. Nc4 Bc7 41. Ra4 Rb5 42. Kg2 (42. Rd3 $142) 42... Ng4 (42... Nxd5 $142 43. exd5 (43. Rxd5 Rxd5 44. exd5 Kf6 $11) 43... Kf6) 43. Re2 Nf6 44. Ne3 Bb6 45. Bc4 Rc5 46. Kf3 Rc8 47. Be6 Rc6 48. Nc4 Bd8 49. Rd2 Bc7 50. Rd1 Rc5 51. Rda1 Ra6 (51... Rb7 $16 52. Ne3 (52. Nxa5 Rxc2 53. Ke3 Bxa5 $11) 52... Rb8) 52. Rxb4 $18 {[%emt 0:02:04] Strongly threatening Rb7.} d5 53. Bxd5 Nxd5 54. exd5 Rf6 (54... Rxd5 $142 55. Ne3 (55. Rb7 Kd7 $18) 55... Rd4 56. Rxd4 exd4 57. Nd5+ Kd8 58. Nxc7 Kxc7) 55. Rb7 Kd8 {[%emt 0:00:37] [#]} 56. d6 Bxd6 57. Rd1 Kc8 58. Nxd6+ Rxd6 59. Rxd6 Kxb7 {[%emt 0:00:02][%mdl 4096] Endgame KR-KR} 60. c4 a4 61. bxa4 Rxc4 62. Re6 Rxa4 63. Rxe5 Rb4 64. Re7+ Kc8 65. Rxg7 Rb3+ 66. Kf4 {[%emt 0:00:06] White threatens f6 and mate.} Rb4+ 67. Kg5 {[%emt 0:00:09] White mates.} Rg4+ 68. Kh6 Rb4 69. Kxh5 Rxb2 70. Re7 Kd8 71. Re4 Rg2 72. g4 Kd7 73. g5 {[%emt 0:00:09] Weighted Error Value: White=0.20 (precise) /Black=0.29 (precise)} 1-0

[Event "Czech Youth Championship Open 2023"]
[Site "Teplice"]
[Date "2023.03.13"]
[Round "4.1"]
[White "Broz, Petr"]
[Black "Pavlis, Matej"]
[Result "1-0"]
[ECO "B50"]
[WhiteElo "1993"]
[BlackElo "1868"]
[Annotator "TA"]
[PlyCount "85"]
[EventDate "2023.03.09"]
[EventType "swiss"]
[EventCountry "CZE"]
[SourceTitle "playchess.com"]
[Source "ChessBase"]
[SourceQuality "1"]
[TimeControl "5400+30"]

1. e4 c5 2. Nf3 d6 3. Nc3 Nf6 4. e5 dxe5 5. Nxe5 a6 (5... e6 {is interesting.} 6. Bb5+ Bd7 7. Qf3 Qc7) 6. g3 {[%emt 0:04:52] B50: Sicilian: 2...d6, Miscellaneous.} Qc7 7. d4 cxd4 (7... e6 $5 ) 8. Qxd4 {[%emt 0:00:18] White is slightly better.} Nc6 9. Nxc6 Qxc6 10. Rg1 Bf5 ({Black should play} 10... Bg4 $14) 11. Bg2 $16 Qe6+ 12. Be3 $1 Rd8 {[%emt 0:05:20] [#]} (12... Bxc2 $2 13. Bxb7 Rd8 14. Qa7 $18 (14. Qc5 Nd7 $16)) 13. Qa4+ $146 {[%emt 0:00:42][%mdl 128] White attacks.} (13. Qb6 $6 Qxb6 14. Bxb6 Rd7 $11) (13. Qa7 $1 $16) ({Predecessor:} 13. Qb6 Qxb6 14. Bxb6 Rd7 15. Rd1 Bxc2 16. Rc1 Bf5 17. Na4 Rd6 18. Bxb7 e5 19. Bc5 {0-1 Lomasov,S (2528)-Tomczak,J (2605) Molodezhka-POL online blitz 2020}) 13... b5 $11 14. Nxb5 axb5 15. Qxb5+ Nd7 $1 16. O-O-O (16. Rd1 $1 $11 {keeps the balance.}) 16... Rc8 $2 (16... Rb8 $1 $17 17. Qa4 Rc8) 17. c3 $16 {[%emt 0:03:51][%cal Og3g4] aiming for g4!} Qe5 $2 (17... Qf6 $16) 18. Qb3 $2 {[%emt 0:14:35] Active counter play!} (18. Rd5 $18 Qb8 19. Rxf5) 18... Be6 (18... Qc7 $1 $17 19. Qa4 Qc4 20. Qxc4 Rxc4) 19. Bd5 $11 {[%emt 0:02:33] Hoping for Bf4.} Bxd5 $4 (19... g5 $11 {and Black is okay.}) 20. Rxd5 $18 Qe6 21. Rgd1 Nb8 22. Qb5+ $2 (22. Bb6 $18 {White threatens Rd8+ and mate.} Nc6 23. Qc4) 22... Nc6 $16 23. Bb6 ({White should try} 23. Rd7 $1 $16 {And now Qb7 would win.} f6 24. Bf4) 23... f6 $15 24. f4 {[%emt 0:03:58] f5 would be deadly.} g6 25. g4 $2 Kf7 $19 (25... Qxg4 26. Rd8+ Kf7 27. Qc4+ Kg7 28. Rxc8 Qxc8 29. a4 $17) 26. f5 Bh6+ 27. Kb1 Qe4+ 28. Ka1 Ne5 29. Bd4 (29. R5d4 $142 Qc6 30. Qb3+ Kg7 31. Rb4) 29... Rb8 ({Weaker is} 29... gxf5 30. Bxe5 Qc4 31. Bd4 $11) 30. Rxe5 fxe5 31. fxg6+ Kxg6 32. Qa6+ {[%emt 0:01:15] [#]} Kf7 $1 33. Qxh6 {[%emt 0:04:27] Black must now prevent Rf1+.} exd4 34. Qh5+ Kg7 ({Don't go for} 34... Qg6 $2 35. Rf1+ Kg8 36. Qd5+ e6 37. Qxd4 $19) 35. Qg5+ {[%emt 0:03:46] [#]} Kf8 $1 36. Qh6+ Ke8 $2 (36... Kg8 $19 37. Qg5+ Kf7 38. Qh5+ Ke6 39. Qh6+ Qg6) 37. Qh5+ $11 Qg6 $2 (37... Kf8 $1 $11 {and Black has nothing to worry.} 38. Rf1+ Kg7 39. Qf7+ Kh6 40. Qh5+ Kg7 41. Qf7+ Kh6 42. Qh5+ Kg7) 38. Qe5 $18 (38. cxd4 $2 {perishes.} Qxh5 39. gxh5 Rg8 $19) 38... Qc2 $2 (38... Qb6 $18 39. Qxh8+ Kd7 40. Qxd4+ Qxd4 41. Rxd4+ Kc6) 39. Qxb8+ Kd7 40. Qa7+ (40. Qxh8 $2 Qxd1#) 40... Ke6 41. Qxd4 (41. Re1+ $142 Qe4 42. Rxe4+ Kd5 43. Qb7+ Kd6 44. Rxe7 Kc5 45. Qc7+ Kb5 46. Re5+ Ka6 47. Ra5#) 41... Rb8 42. Re1+ Kf7 43. Qf4+ {[%emt 0:00:05] An interesting game.   Weighted Error Value: White=0.61/Black=0.88} 1-0

[Event "Czech Youth Championship Open 2023"]
[Site "Teplice"]
[Date "2023.03.13"]
[Round "4.2"]
[White "Hlavac, Rudolf"]
[Black "Pycha, Patrik"]
[Result "0-1"]
[ECO "C06"]
[WhiteElo "1985"]
[BlackElo "2029"]
[Annotator "TA"]
[PlyCount "86"]
[EventDate "2023.03.09"]
[EventType "swiss"]
[EventCountry "CZE"]
[SourceTitle "playchess.com"]
[Source "ChessBase"]
[SourceQuality "1"]
[TimeControl "5400+30"]

1. e4 e6 2. d4 d5 3. Nd2 Nf6 4. e5 Nfd7 5. c3 c5 6. Bd3 Nc6 7. Ne2 cxd4 8. cxd4 f6 9. exf6 Nxf6 10. O-O Bd6 11. Nf3 Qc7 12. Nc3 a6 13. Bg5 O-O 14. Bh4 Nh5 15. Rc1 g6 16. Re1 {C06: French Tarrasch: 3...Nf6 4 e5 Nfd7 5 Bd3 main lines.} Qg7 17. Be2 Bf4 18. Rb1 {[%emt 0:00:12] [#] The position is equal.} h6 $146 ({Predecessor:} 18... Bd6 19. a3 Rf4 20. Bg3 Nxg3 21. hxg3 Rf6 22. Rc1 Bd7 23. Na4 Raf8 24. Nc5 Bxc5 25. Rxc5 g5 26. g4 Rf4 27. Qb3 Nxd4 28. Qxb7 Nxf3+ 29. Bxf3 Bc8 30. Qxg7+ {½-½ Hlavac,R (2003)-Pycha,P (1994) Czech Fed-ch opA 2013 (8)}) 19. Bg3 Nxg3 20. hxg3 Bd6 21. a3 g5 22. Bf1 (22. Na4 $15) 22... g4 $17 23. Ne5 Nxe5 24. dxe5 Bc5 ({But not} 24... Bxe5 $6 25. Nxd5 Kh8 26. Nf4 (26. Nb6 $2 Bd4 $19) 26... Bxf4 27. gxf4 $14) 25. Re2 Kh8 {[%emt 0:05:49] Black is more active.} (25... Ba7 $17 {Hoping for ...Bd7.} 26. Rc1 Bd7 27. Nxd5 exd5 28. Qxd5+ Kh8 29. Qxb7 Bb5 30. Qxg7+ Kxg7) 26. b4 $15 Ba7 27. Na4 $1 Bd7 {[%emt 0:05:41] [#] Threatens to win with ...Bxa4.} 28. Nc5 Rac8 29. Qd4 h5 30. Rc1 b6 ({Better is} 30... Bb5 $15 31. Rec2 Bxf1 32. Rxf1 Rc7) 31. Nb3 $2 {[%emt 0:01:23][%mdl 8192] [#]} (31. Nxd7 $1 $14 {was forced to keep a grip.} Qxd7 32. Rxc8 Rxc8 33. b5) 31... Rxc1 (31... Ba4 $1 $19 {[%cal Ra4b3] is more deadly.} 32. Rxc8 Rxc8) 32. Nxc1 $17 Bb5 33. Rc2 {[%emt 0:02:53] Black must now prevent Bxb5.} Bxf1 (33... Bc4 $5 34. b5 (34. Bxc4 $2 b5 $19 {[%mdl 64] Discovered Attack}) 34... axb5 $15) 34. Kxf1 b5 $36 {[%emt 0:00:20][%mdl 2048] Black has good play.} 35. Qc3 h4 36. Nb3 $2 (36. gxh4 $11 g3 37. f3) 36... Qh7 $19 {[%emt 0:09:48] ...h3 is the strong threat.} 37. gxh4 g3 38. f3 Qxh4 {[%emt 0:02:16] ( -> ...Qh1+)} 39. Ke2 Qh1 40. Nc5 Qxg2+ 41. Kd1 Qf1+ 42. Qe1 g2 (42... Rxf3 $142 43. a4 g2 44. Rxg2 Qxg2 45. Nb3 Rf1 46. Qxf1 Qxf1+ 47. Kd2 Qf2+ 48. Kd3 Be3 49. a5 Bf4 50. Kc3 Qe2 51. Nd2 Qxd2+ 52. Kb3 Bxe5 53. Ka3 Qb2#) 43. Re2 g1=Q {Weighted Error Value: White=0.74/Black=0.28 (precise)} 0-1

[Event "Czech Youth Championship Open 2023"]
[Site "Teplice"]
[Date "2023.03.13"]
[Round "4.3"]
[White "Juracak, David"]
[Black "Matejovsky, Ondrej"]
[Result "0-1"]
[ECO "D56"]
[WhiteElo "1820"]
[BlackElo "1931"]
[Annotator "TA"]
[PlyCount "40"]
[EventDate "2023.03.09"]
[EventType "swiss"]
[EventCountry "CZE"]
[SourceTitle "playchess.com"]
[Source "ChessBase"]
[SourceQuality "1"]
[TimeControl "5400+30"]

1. d4 d5 2. c4 e6 3. Nf3 Nf6 4. Nc3 Be7 5. Bg5 h6 6. Bh4 O-O 7. e3 Nbd7 8. Rc1 c6 9. Bd3 b6 10. O-O Bb7 {[%emt 0:00:35] D66: Queen's Gambit Declined: Classical: Main Line (7 Rc1 c6 8 Bd3).} 11. Re1 c5 12. cxd5 {[%emt 0:07:26] [#]} Nxd5 $146 {[%emt 0:03:39] The position is equal.} ({Predecessor:} 12... exd5 13. dxc5 Nxc5 14. Bxf6 Bxf6 15. Qc2 Re8 16. Nd4 g6 17. b4 Ne6 18. a4 Nxd4 19. exd4 Rxe1+ 20. Rxe1 Bxd4 {0-1 Mikulas,R (1763)-Gergely,A (1752) HUN-chT U18 Miskolc 2008 (5.13)}) 13. Bxe7 Qxe7 14. Nxd5 Bxd5 15. b3 cxd4 16. e4 (16. Nxd4 $11 {feels stronger.} Rac8 17. f3) 16... Bb7 $15 17. Nxd4 Nc5 {[%emt 0:04:04] Strongly threatening ...Rad8.} 18. Rc3 (18. Qd2 $17) 18... Rfd8 $19 19. Bb1 $2 (19. Bc2) 19... Qd7 20. b4 {[%emt 0:00:58] [#]} Na4 $1 {[%emt 0:10:39] Weighted Error Value: White=0.49/Black=0.04 (flawless)} ({And not} 20... Qxd4 21. Qxd4 Rxd4 22. bxc5 $17) 0-1

[Event "Czech Youth Championship Open 2023"]
[Site "Teplice"]
[Date "2023.03.13"]
[Round "4.4"]
[White "Pressler, Tobias"]
[Black "Zednicek, Filip"]
[Result "0-1"]
[ECO "D05"]
[WhiteElo "2096"]
[BlackElo "1885"]
[Annotator "TA"]
[PlyCount "82"]
[EventDate "2023.03.09"]
[EventType "swiss"]
[EventCountry "CZE"]
[SourceTitle "playchess.com"]
[Source "ChessBase"]
[SourceQuality "1"]
[TimeControl "5400+30"]

1. d4 d5 2. e3 Nf6 3. Bd3 e6 4. f4 Be7 5. Nf3 b6 6. O-O O-O 7. Nbd2 Bb7 8. Ne5 c5 {[%emt 0:02:28] D05: Colle System with ...e6.} 9. c3 Nbd7 10. Rf3 Ne4 {[%emt 0:01:13] Black is slightly better.} 11. Rh3 g6 12. Qf3 f5 {[%emt 0:08:19] [#]} (12... Nxe5 {simplifies} 13. dxe5 Qd7 14. Qe2 Rfd8) 13. Rh6 $146 ({Predecessor:} 13. g4 Nxe5 14. dxe5 Qd7 15. Qe2 Rad8 16. Bb5 Bc6 17. Bxc6 Qxc6 18. g5 Qa4 19. Nb3 {½-½ Garcia Ortega,N (1446)-Avila Fraire,A (1976) Villahermosa Mexican op (Women) 2021 (4)}) 13... Nxe5 14. fxe5 (14. dxe5 $17 Qd7 15. Qe2) 14... cxd4 (14... Kg7 $19 {and Black stays clearly on top.} 15. Rh3 Ng5) 15. cxd4 $2 (15. exd4 $17 {was forced.} Bg5 16. Nb3) 15... Kg7 $19 16. Rh3 Ng5 {[%emt 0:01:24][%csl LRf3,LRh3][%mdl 64] [#] Deflection, Double Attack} 17. Qe2 Nxh3+ 18. gxh3 a5 19. Nf1 Qc8 20. Bd2 Ba6 21. Rc1 Bxd3 22. Qxd3 Qd7 23. Qb3 b5 24. Ng3 Rfc8 25. Rf1 b4 26. Ne2 Rc4 27. Nf4 Bg5 28. Nd3 Be7 29. Nf4 Rac8 30. Rf2 Bh4 31. Re2 Kf7 32. Nd3 Be7 33. Ne1 R4c7 34. Qd3 Qc6 35. b3 Qb6 36. Kg2 Rc6 37. Qb1 Qb5 38. Qd1 R6c7 39. Kg1 Ra8 40. Bc1 {[%emt 0:01:41] [#]} Rxc1 $1 {[%emt 0:00:25][%mdl 576] Deflection} 41. Kf1 (41. Qd2 a4) 41... Rcc8 {Black took control after the opening.   Weighted Error Value: White=0.71/Black=0.40} (41... Rxd1 $142 42. Kf2 Bh4+ {[%mdl 64] Skewer, Deflection} 43. Kf3 Rd2 44. Nd3 Qxd3 45. Rxd2 Qf1+ 46. Rf2 Qxf2#) 0-1

[Event "Czech Youth Championship Open 2023"]
[Site "Teplice"]
[Date "2023.03.13"]
[Round "4.5"]
[White "Sadil, Antonin"]
[Black "Mrkvan, Frantisek"]
[Result "1/2-1/2"]
[ECO "B13"]
[WhiteElo "1683"]
[BlackElo "1727"]
[Annotator "NA RC COMBH"]
[PlyCount "76"]
[EventDate "2023.03.09"]
[EventType "swiss"]
[EventCountry "CZE"]
[SourceTitle "playchess.com"]
[Source "ChessBase"]
[SourceQuality "1"]
[TimeControl "5400+30"]

1. e4 c6 2. d4 d5 3. exd5 cxd5 4. Bd3 Nc6 5. c3 Nf6 6. h3 e6 7. Nf3 Bd6 8. O-O O-O 9. Re1 h6 10. Nbd2 Qc7 11. Qe2 Nd7 12. Nf1 Re8 13. Nh4 Nf6 14. Bb5 a6 15. Bxc6 bxc6 16. Nf3 a5 17. Ne5 Ba6 18. Qf3 Bxe5 19. dxe5 Nd7 20. Qg3 Kh7 21. b3 Nc5 22. Ba3 Ne4 23. Qe3 Bxf1 24. Bd6 Nxd6 25. exd6 Qxd6 26. Kxf1 e5 27. Rad1 Qe6 28. Qc5 f5 29. Rd4 exd4 30. Rxe6 Rxe6 31. cxd4 g5 32. g3 a4 33. bxa4 Rxa4 34. Qc2 Rxd4 35. Qxf5+ Rg6 36. Qd7+ Kg8 37. Qe8+ Kh7 38. Qd7+ Kg8 1/2-1/2

[Event "Czech Youth Championship Open 2023"]
[Site "Teplice"]
[Date "2023.03.14"]
[Round "5.1"]
[White "Mrkvan, Frantisek"]
[Black "Broz, Petr"]
[Result "1-0"]
[ECO "C11"]
[WhiteElo "1727"]
[BlackElo "1993"]
[Annotator "TA"]
[PlyCount "41"]
[EventDate "2023.03.09"]
[EventType "swiss"]
[EventCountry "CZE"]
[SourceTitle "playchess.com"]
[Source "ChessBase"]
[SourceQuality "1"]
[TimeControl "5400+30"]

1. e4 e6 2. d4 d5 3. Nc3 Nf6 4. e5 Nfd7 5. f4 c5 6. Nf3 Nc6 7. Be3 Be7 8. Qd2 O-O 9. dxc5 Nxc5 {[%emt 0:00:09] C11: French: Classical System: 4 e5 and 4 Bg5 dxe4.} 10. O-O-O a6 11. Kb1 b5 {[%emt 0:01:44] The position is equal.} 12. Bxc5 {[%emt 0:03:16] 12.Qf2 is vanishing.} Bxc5 13. Bd3 {[%emt 0:00:16][%cal Od3h7] [#] aiming for Bxh7+!} Qb6 $146 {[%emt 0:04:24][%mdl 8192] [#]} (13... Qc7 $11 {and Black has nothing to worry.}) ({Predecessor:} 13... f5 14. exf6 Qxf6 15. g3 Bb4 16. Ng5 g6 17. Rhe1 d4 18. Nce4 Qg7 19. Qe2 Bxe1 20. Rxe1 {1-0 Preotu,R (2487)-Nyzhnyk,I (2665) US Collegiate Blitz 2020 (7)}) 14. Bxh7+ $1 $18 {[%emt 0:06:00][%mdl 576] Decoy} Kh8 (14... Kxh7 $2 15. Ng5+ Kg8 16. Qd3 $18) 15. Bd3 Be3 16. Qe1 {[%emt 0:00:10] White is clearly winning.} Bf2 {[%emt 0:03:55] Inhibits Qh4+.} 17. Qe2 Qe3 {[%emt 0:00:25] [#]} 18. Qf1 Nd4 (18... b4 $142) 19. Nxd4 Qxd4 20. Qe2 {[%emt 0:01:17] Intending Qh5+ and mate.} f5 21. Rhf1 {[%emt 0:06:31] White took control after the opening.   Weighted Error Value: White=0.00 (flawless) /Black=0.88} 1-0

[Event "Czech Youth Championship Open 2023"]
[Site "Teplice"]
[Date "2023.03.14"]
[Round "5.2"]
[White "Zednicek, Filip"]
[Black "Sadil, Antonin"]
[Result "0-1"]
[ECO "B14"]
[WhiteElo "1885"]
[BlackElo "1683"]
[Annotator "NA RC COMBH"]
[PlyCount "58"]
[EventDate "2023.03.09"]
[EventType "swiss"]
[EventCountry "CZE"]
[SourceTitle "playchess.com"]
[Source "ChessBase"]
[SourceQuality "1"]
[TimeControl "5400+30"]

1. e4 c6 2. d4 d5 3. exd5 cxd5 4. c4 Nf6 5. Nc3 g6 6. Bg5 Bg7 7. Nf3 dxc4 8. Bxc4 O-O 9. O-O Bg4 10. d5 Nbd7 11. h3 Bxf3 12. Qxf3 Ne5 13. Qe2 Nxc4 14. Qxc4 Rc8 15. Qb3 Qd7 16. Rfe1 Rfd8 17. Rad1 b6 18. Re2 Qf5 19. Bc1 Rd7 20. Rde1 Nxd5 21. g4 Nxc3 22. gxf5 Nxe2+ 23. Rxe2 Rxc1+ 24. Kg2 Bf6 25. fxg6 hxg6 26. Qa4 Rcc7 27. Qf4 Kg7 28. b3 Rc5 29. Rd2 Bg5 0-1

[Event "Czech Youth Championship Open 2023"]
[Site "Teplice"]
[Date "2023.03.14"]
[Round "5.3"]
[White "Matejovsky, Ondrej"]
[Black "Pressler, Tobias"]
[Result "1-0"]
[ECO "C01"]
[WhiteElo "1931"]
[BlackElo "2096"]
[Annotator "TA"]
[PlyCount "137"]
[EventDate "2023.03.09"]
[EventType "swiss"]
[EventCountry "CZE"]
[SourceTitle "playchess.com"]
[Source "ChessBase"]
[SourceQuality "1"]
[TimeControl "5400+30"]

1. e4 e6 2. d4 d5 3. exd5 exd5 4. Bd3 c5 5. c3 cxd4 6. cxd4 Bd6 {[%emt 0:01:46] C01: French: Exchange Variation.} 7. Nc3 Be6 8. Nf3 Ne7 {[%emt 0:01:30] The position is equal.} 9. O-O {[%emt 0:04:24] [#]} h6 $146 {[%emt 0:00:08] Prevents Ng5.} ({Predecessor:} 9... O-O 10. Bxh7+ Kxh7 11. Ng5+ Kg6 12. h4 Rh8 13. f4 Nf5 14. g4 Ng3 15. f5+ Bxf5 16. gxf5+ {1-0 Calcina,J-Bowen,P Checkmate Covid Rematch blitz 2021}) 10. Nb5 O-O 11. Nxd6 (11. Ne5 {feels hotter.} f6 12. Ng6 Nxg6 13. Bxg6 Nc6 14. Re1) 11... Qxd6 12. h3 Nbc6 13. Be3 Bf5 14. a3 Rac8 15. Bxf5 Nxf5 16. Qd2 (16. Qd3 {looks sharper.} Qg6 17. Rad1 Rfe8 18. Ne5) 16... Qf6 17. Qd3 b6 18. Rac1 Rfe8 19. Rfe1 Nd6 20. Nd2 Re7 21. Rc2 Nf5 22. Nf3 Rce8 $2 {[%emt 0:00:57] [#] Black is on the road to losing.} (22... Ree8 $11 {and Black stays safe.}) 23. Rxc6 $1 $18 {[%emt 0:01:26][%mdl 576] Deflection} Qxc6 24. Qxf5 Qc4 25. Rc1 Qb3 26. Qc2 Qb5 (26... Rxe3 $2 27. fxe3 Qxe3+ 28. Kh1 $18) (26... Qxc2 $142 27. Rxc2 Kh7) 27. b4 f6 28. Nh4 Re4 29. Ng6 {[%emt 0:02:56] Strongly threatening Qc7.} Qd7 30. Qc6 Qf7 31. Nf4 Rd8 32. Qc7 Qe8 33. Rc3 (33. Qxa7 Rxe3 34. Rc7 Re1+ 35. Kh2 Ra8 36. Qxb6 (36. Rxg7+ Kf8 $16) 36... Re7 $16) 33... Re7 34. Qc6 Qf7 35. Qb5 g5 36. Nd3 Kg7 37. Qa4 Qh5 (37... Rc7 $142 38. Rxc7 Qxc7) 38. Qc2 Qf7 39. b5 Rd6 40. Nb4 Rdd7 41. Qf5 Re8 (41... Qg6 {keeps fighting.} 42. Qf3 Qb1+ 43. Kh2 Qe4) 42. Rc6 Ree7 43. Rc8 Rd6 44. Nc6 Red7 (44... Re8 45. Rxe8 Qxe8 46. Nxa7 Qd7 47. Qxd7+ Rxd7) 45. Bd2 Rc7 46. Rxc7 (46. Ne5 Rdd7 47. Nxf7 Rxf7 48. Rd8) 46... Qxc7 47. Bb4 Rd7 $2 (47... Qd7 48. Qc2 Re6) 48. h4 {[%emt 0:01:23] Threatens to win with h5.} a5 49. Bd2 Qd6 50. h5 Kh8 51. f4 {[%emt 0:01:05][%cal Rf4g5] Hoping for fxg5.} Rc7 52. fxg5 hxg5 (52... fxg5 $142 53. Qe5+ Qxe5 54. dxe5 d4) 53. Qg6 $2 (53. h6 Rd7 54. a4) 53... Qf8 54. Qf5 $2 (54. a4) 54... Qd6 $1 55. Be1 Rf7 (55... Rg7 $142 56. a4 Rg8) 56. a4 $2 (56. Ne5 Rc7 57. Bg3) 56... Rd7 {[%emt 0:01:36] [#]} (56... Qd7 57. Qg6 Qe6) 57. Bg3 $1 {[%emt 0:00:35][%mdl 576] Deflection} Qxg3 58. Qxd7 Qe1+ 59. Kh2 Qh4+ 60. Qh3 Qf4+ 61. Qg3 {[%emt 0:00:13] Qxf4 would kill now.} Qd2 62. Qb8+ {[%emt 0:00:44] ?ev?.} Kg7 63. Ne7 ({Weaker is} 63. Qxb6 Qf4+ 64. g3 Qf2+ 65. Kh1 (65. Kh3 Qf1+ 66. Kh2 Qf2+ 67. Kh3 Qf1+ 68. Kh2 Qf2+ $11) 65... Qf1+ 66. Kh2 Qf2+ 67. Kh3 Qf1+ 68. Kh2 Qf2+ $11) 63... Kf7 64. Ng6 Qxd4 65. Qf8+ Ke6 66. Qc8+ Kf7 67. Qd7+ Kg8 68. h6 f5 69. h7# {[%emt 0:00:14] An exciting game.   Weighted Error Value: White=0.66/Black=0.54} 1-0